 Dungeon Crawl Stone Soup version 0.30-a0-782-ge64f9170bb (console) character file.

Game seed: 2017088060701459391

208331 Banquo the Severer (level 18, -35/120 HPs)
             Began as a Gargoyle Fighter on Feb 22, 2023.
             Was the Champion of Okawaru.
             Killed from afar by a deep elf annihilator (72 damage)
             ... with a crystal spear
             ... on level 1 of the Elven Halls on Feb 25, 2023.
             The game lasted 02:41:21 (32846 turns).

Banquo the Severer (Gargoyle Fighter)              Turns: 32846, Time: 02:41:22

Health: -35/120    AC: 28    Str: 26    XL:     18   Next: 78%
Magic:  34/34      EV: 14    Int: 10    God:    Okawaru [******]
Gold:   3215       SH: 21    Dex: 13    Spells: 17/17 levels left

rFire   + . .      SeeInvis +    a - +4 war axe (vamp)
rCold   + . .      Faith    +    i - +2 tower shield {AC+3}
rNeg    + + .      Spirit   .    d - +0 plate armour {rF+}
rPois   ∞          Reflect  .    h - +1 helmet {SInv}
rElec   +          Harm     .    e - +1 cloak
rCorr   .          Rampage  .    g - +0 pair of gloves
Will    +....                    f - +0 pair of boots of Ziaj {rElec rN+ Regen+ MP+9 Str+3} Stlth
                                 y - amulet of faith
HPRegen 1.20/turn                l - +5 ring of evasion
MPRegen 0.24/turn                C - ring of protection from cold

@: corroded, flying, slowed, very slow
A: sickness immunity, AC +13, big wings, negative energy resistance 1,
electricity resistance, torment resistance 1, petrification resistance,
screaming 1, wild magic 1
}: 1/15 runes: serpentine
a: Renounce Religion, Heroism, Finesse, Duel


You were on level 1 of the Elven Halls.
You worshipped Okawaru.
Okawaru was exalted by your worship.
You visited 6 branches of the dungeon, and saw 28 of its levels.
You also visited: Ossuary and Ice Cave.

You collected 3215 gold pieces.

Inventory:

Hand Weapons
 a - a +4 vampiric war axe (weapon)
 b - the +3 war axe of Duiggoty {freeze, rElec rPois rC+ Int-5}
   (Okawaru gifted it to you on level 3 of the Lair of Beasts)

   Int:       It affects your intelligence (-5).
   rC:        It protects you from cold.
   rElec:     It insulates you from electricity.
   rPois:     It protects you from poison.
 c - a +2 eveningstar of freezing
 j - the +9 sling of Keurigen {flame, rC+ Dex+4}
   (You found it on level 13 of the Dungeon)

   Dex:       It affects your dexterity (+4).
   rC:        It protects you from cold.
 x - the +5 hand axe of Dissolution {drain, MP+9}
   (Okawaru gifted it to you on level 1 of the Elven Halls)

   MP:        It affects your magic capacity (+9).
 N - the +8 broad axe of Leud {venom, Fragile rC+ rN+}
   (Okawaru gifted it to you on level 3 of the Snake Pit)

   rC:        It protects you from cold.
   rN:        It protects you from negative energy.
   Fragile:   It will be destroyed if unequipped.
Missiles
 v - 3 throwing nets
 L - 32 boomerangs (quivered)
Armour
 d - a +0 plate armour of fire resistance (worn)
 e - a +1 cloak (worn)
 f - the +0 pair of boots of Ziaj (worn) {rElec rN+ Regen+ MP+9 Str+3}
   (Okawaru gifted it to you on level 1 of the Snake Pit)

   Str:       It affects your strength (+3).
   rElec:     It insulates you from electricity.
   rN:        It protects you from negative energy.
   MP:        It affects your magic capacity (+9).
   Regen:     It increases your rate of health regeneration.
 g - a +0 pair of gloves (worn)
 h - a +1 helmet of see invisible (worn)
 i - a +2 tower shield of protection (worn)
 o - the +11 plate armour of Feasting {Rampage +Blink rF- Str+4}
   (You took it off an orc warrior on level 9 of the Dungeon)

   Str:       It affects your strength (+4).
   rF:        It makes you vulnerable to fire.
   +Blink:    It lets you blink.
   Rampage:   It bestows one free step when moving towards enemies.
 V - the +4 kite shield of Good Intentions {rElec rC+ Int-3}
   (Okawaru gifted it to you on level 15 of the Dungeon)

   Int:       It affects your intelligence (-3).
   rC:        It protects you from cold.
   rElec:     It insulates you from electricity.
Jewellery
 l - a +5 ring of evasion (left hand)
 y - an amulet of faith (around neck)
 C - a ring of protection from cold (right hand)
 S - a ring of resist corrosion
Wands
 D - a wand of digging (4)
 F - a wand of light (22)
 K - a wand of roots (2)
 R - a wand of flame (27)
Scrolls
 m - 2 scrolls of magic mapping
 n - 4 scrolls of fog
 r - 5 scrolls of identify
 s - 15 scrolls of teleportation
 t - a scroll of amnesia
 u - a scroll of noise
 B - 2 scrolls of poison
 E - 2 scrolls of silence
 J - 10 scrolls of blinking
Potions
 k - 17 potions of curing
 p - 4 potions of berserk rage
 q - 7 potions of ambrosia
 w - 4 potions of might
 z - a potion of invisibility
 A - 4 potions of heal wounds
 G - 2 potions of magic
 H - 7 potions of haste
 I - a potion of cancellation
Miscellaneous
 T - a phial of floods


   Skills:
 * Level 16.0 Fighting
 - Level 18.0 Axes
 - Level 5.0 Ranged Weapons
 * Level 13.0 Armour
 * Level 9.1 Dodging
 * Level 16.5 Shields
 - Level 10.0 Invocations


You had 17 spell levels left.
You didn't know any spells.
Your spell library contained the following spells:

 Spells                   Type           Power      Damage    Failure   Level
 Kiss of Death            Conj/Necr      0%         2d5       100%        1
 Sting                    Tmut/Pois      0%         1d3       100%        1
 Blink                    Tloc           0%         N/A       100%        2
 Ensorcelled Hibernation  Hex/Ice        0%         N/A       100%        2
 Lesser Beckoning         Tloc           0%         N/A       100%        2
 Momentum Strike          Conj/Tloc      0%         3d8       100%        2
 Passwall                 Tmut/Erth      0%         N/A       100%        2
 Poisonous Vapours        Pois/Air       0%         N/A       100%        2
 Confusing Touch          Hex            0%         N/A       100%        3
 Hailstorm                Conj/Ice       0%         3d3       100%        3
 Kindle Blastsparks       Fire/Tloc/Air  0%         2d10      100%        3
 Swiftness                Air            0%         N/A       100%        3
 Dispel Undead            Necr           0%         3d6       100%        4
 Fulminant Prism          Conj/Hex       0%         3d5       100%        4
 Ice Form                 Ice/Tmut       0%         N/A       100%        4
 Iskenderun's Mystic Bla  Conj/Tloc      0%         2d3       100%        4
 Olgreb's Toxic Radiance  Pois           0%         N/A       100%        4
 Fireball                 Conj/Fire      0%         3d3       100%        5
 Iskenderun's Battlesphe  Conj           0%         2d6       100%        5
 Lee's Rapid Deconstruct  Erth           0%         3d4*      100%        5
 Conjure Ball Lightning   Conj/Air       0%         3x3d6     100%        6
 Orb of Destruction       Conj           0%         9d5       100%        7
 Discord                  Hex            0%         N/A       100%        8
 Disjunction              Tloc           0%         N/A       100%        8
 Simulacrum               Ice/Necr       Unusable   N/A       N/A         6

Dungeon Overview and Level Annotations

Branches:
Dungeon (15/15)            Temple (1/1) D:7            Lair (5/5) D:9
 Shoals (0/4) Lair:2        Snake (4/4) Lair:2        Slime (0/5) Lair:5
    Orc (2/2) D:11            Elf (1/3) Orc:2        Vaults (0/5) D:14
 Depths (0/4) D:15        Ossuary (visited)           IceCv (visited)

Altars:
Ashenzari
Cheibriados
Dithmenos
Elyvilon
Fedhas
Gozag
Hepliaklqana
Kikubaaqudgha
Makhleb
Nemelex Xobeh
Okawaru
Qazlal
Ru
Sif Muna
Trog
Uskayaw
Vehumet
Wu Jian
Xom
Yredelemnul
Zin
The Shining One
Jiyva
Lugonu

Shops:
D:6 **   D:13 *   Orc:1 =   Orc:2 ([!(   Elf:1 *=*   Snake:2 !*   Snake:4 :

Portals:
Abyss: Lair:5

Annotations:
D:6 1 runed translucent door, Crazy Yiuf
D:9 exclusion: oklob plant
D:13 3 runed translucent doors, NoOffense's ghost, journeyman TrMo
Snake:3 6 transporters
Snake:4 Roxanne


Innate Abilities, Weirdness & Mutations

You are immune to sickness and miasma.
Your stone body is resilient. (AC +13)
You are immune to poison.
Your large and strong wings let you fly.
You resist negative energy. (rN+)
You are resistant to electric shocks. (rElec)
You are resistant to unholy torment.
You are immune to petrification.
You occasionally shout uncontrollably at your foes.
Your spells are a little harder to cast, but a little more powerful.


Message History

You hit the deep elf annihilator but do no damage.
You barely miss the deep elf archer.
You block the deep elf annihilator's attack.
The deep elf sorcerer barely misses you.
The deep elf archer gestures wildly while chanting.
The deep elf archer blinks!
The deep elf annihilator gestures at you while chanting.
You block the iron shot.
The deep elf sorcerer gestures at you while chanting.
The bolt of acid hits you!! The acid corrodes you!
You slash the deep elf sorcerer!
The deep elf sorcerer is severely wounded.
You barely miss the deep elf annihilator.
The deep elf sorcerer hits you but does no damage.
The deep elf annihilator hits you but does no damage.
The deep elf archer mumbles some strange words.
The deep elf archer blinks!
The deep elf archer casts a spell.
The deep elf archer blinks!
You block the deep elf sorcerer's attack.
You closely miss the deep elf sorcerer.
The deep elf sorcerer is severely wounded.
You hit the deep elf annihilator but do no damage.
You block the deep elf sorcerer's attack.
You block the deep elf annihilator's attack.
The deep elf sorcerer hits you but does no damage.
The deep elf annihilator gestures at you while chanting.
The iron shot hits you!!!
* * * LOW HITPOINT WARNING * * *
You are too injured to fight recklessly!
You are too injured to fight recklessly!
You slash the deep elf annihilator!
The deep elf annihilator is heavily wounded.
You hit the deep elf sorcerer but do no damage.
The deep elf sorcerer gestures at you while chanting.
The bolt of acid misses you.
The deep elf annihilator gestures at you while chanting.
The crystal spear hits you!!!!
Ouch! That really hurt!
You die...

#.# ##.## #.# #.# ##.##
#.# #.# ##.## #.# #.#
##...#### #.#
##'####.......###'#
####...##..#####.#...##
.'........## #......##
##.......## ####)......#
#))).).## #..)@......#
#......# #....#ee.....#
###....###...#........##
.......# ..#....§#...##
######## ....e.#.#'### #
....#...#.# #
..#.......# # .
....e...# # .......#


You could see a deep elf annihilator, a deep elf sorcerer (fast) and 2 deep elf
archers.

Vanquished Creatures
  Mara (Snake:4)
  Saint Roka (Arena)
  Vashnia (Snake:3)
  Nikola (Arena)
  An Ice Fiend (IceCv)
  Jorgrun (Snake:3)
  Rupert (D:12)
  2 quicksilver dragons (Snake:4)
  A sphinx (Elf:1)
  Gastronok (D:11)
  Kirke (Arena)
  3 nagarajas
  Aizul (Snake:2)
  An ironbound preserver (D:14)
  Azrael (D:13)
  Snorg (Orc:1)
  2 fire dragons (Elf:1)
  Josephine (Lair:4)
  Fannar (Lair:2)
  5 hydras
  Harold (Lair:2)
  A hell beast (Elf:1)
  4 salamander tyrants
  9 anacondas
  An ogre mage (D:15)
  8 two-headed ogres
  A dancing weapon (Elf:1)
  11 centaur warriors
  A boulder beetle (D:12)
  The ghost of greenbourne the Cleaver, a novice HOFi of Elyvilon (D:9)
  5 death yaks (Lair:5)
  4 tengu warriors
  3 orc high priests (Elf:1)
  5 shock serpents
  9 naga warriors
  13 naga sharpshooters
  3 thrashing horrors (Lair:5)
  Urug (Lair:4)
  3 deep elf knights (Elf:1)
  Sonja (Arena)
  A skeletal warrior (D:15)
  2 salamander mystics
  A skyshark (Lair:2)
  A golden dragon zombie (D:15)
  3 bog bodies (IceCv)
  2 obsidian statues (IceCv)
  A flayed ghost (D:15)
  8 naga ritualists
  A deep elf archer (Elf:1)
  8 orc knights (Orc:2)
  A lindwurm (Lair:2)
  A wizard (D:14)
  2 necromancers
  10 deep elf pyromancers
  4 harpies (Elf:1)
  15 mana vipers
  11 salamanders
  An orc sorcerer (Elf:1)
  An iron dragon zombie (D:15)
  10 manticores
  11 deep elf zephyrmancers (Elf:1)
  14 ugly things
  10 cyclopes
  11 elephants
  Maurice (D:11)
  A torpor snail (Lair:4)
  37 black mambas
  4 guardian serpents
  21 naga magi
  2 smoke demons (Lair:5)
  An unseen horror (D:13)
  An ice statue (D:15)
  2 spriggan zombies (D:15)
  A gargoyle (D:13)
  Maggie (D:10)
  Psyche (D:8)
  6 cane toads
  A kobold demonologist (D:9)
  4 rime drakes
  2 freezing wraiths (IceCv)
  2 ancient zymes (Lair:5)
  4 golden dragon simulacra (IceCv)
  A tengu conjurer (D:14)
  9 trolls
  7 komodo dragons
  A guardian mummy (D:15)
  3 polar bears
  A queen bee (D:11)
  2 wind drakes (shapeshifter)
  3 meliai (D:15)
  35 blink frogs
  Grinder (D:6)
  Prince Ribbit (D:9)
  6 dream sheep (Lair:5)
  Sigmund (D:6)
  2 large abominations (Lair:5)
  13 slime creatures
  A centaur simulacrum (D:15)
  2 air elementals (Elf:1)
  2 shadows
  2 dire elephant simulacra (IceCv)
  A ynoxinul (Lair:5)
  A spriggan (Lair:5)
  2 vampires
  3 wyverns
  9 basilisks
  4 wraiths
  3 water elementals
  5 fire elementals
  8 small abominations (Lair:5)
  A hog (Lair:4)
  Grum (D:10)
  Eustachio (D:5)
  46 yaks
  4 steam dragons
  3 humans (Lair:4)
  10 vampire mosquitoes
  4 chaos spawn (Lair:5)
  A minotaur simulacrum (IceCv)
  Menkaure (D:7)
  Edmund (D:6)
  7 wargs
  5 hydra simulacra (IceCv)
  43 nagas
  6 hell hounds
  15 water moccasins
  44 orc warriors
  A sky beast (D:7)
  A hornet zombie (Ossuary)
  3 ettin simulacra (IceCv)
  2 black bears
  5 ogres
  33 wolves
  An alligator simulacrum (IceCv)
  11 centaurs
  2 phantoms
  A kobold brigand (D:8)
  2 gnoll sergeants
  3 wyvern zombies (Ossuary)
  3 bullfrogs
  A necrophage (D:5)
  3 scorpions
  A deep troll simulacrum (IceCv)
  An earth elemental (Elf:1)
  2 water moccasin zombies (Ossuary)
  29 killer bees
  A howler monkey (D:4)
  5 electric eels
  3 centaur zombies (Ossuary)
  2 bullfrog zombies (Ossuary)
  A hound (D:5)
  21 orc priests
  4 jellies
  2 gnoll boudas
  10 hell rats
  18 orc wizards
  5 iguanas
  3 killer bee zombies (Ossuary)
  4 wolf simulacra (D:9)
  A polar bear simulacrum (D:9)
  3 yak simulacra (D:9)
  13 mummies
  A howler monkey zombie (Ossuary)
  8 adders
  18 gnolls
  10 river rats
  A white imp (D:8)
  3 ufetubi
  2 worms
  4 dart slugs
  83 orcs
  12 endoplasms
  3 giant cockroaches
  11 goblins
  7 hobgoblins
  10 jackals
  5 quokkas
  8 ball pythons
  5 bats
  7 frilled lizards
  15 kobolds
  20 rats
  3 river rat simulacra (D:9)
  A spectral kobold (D:14)
1095 creatures vanquished.

Vanquished Creatures (others)
  An anaconda (Snake:4)
  A mana viper (Snake:2)
  2 naga magi (Snake:3)
  A spriggan (Lair:5)
  4 nagas (Snake:3)
  2 orc warriors (Snake:3)
  An ogre (Snake:3)
  An orc priest (Snake:3)
  4 orc wizards
  2 gnolls (D:7)
  2 orcs
  47 fungi
  113 plants
  10 withered plants
191 creatures vanquished.

Grand Total: 1286 creatures vanquished

Notes
Turn   | Place    | Note
-------+----------+-------------------------------------------
     0 | D:1      | Banquo the Gargoyle Fighter began the quest for the Orb.
     0 | D:1      | Reached XP level 1. HP: 14/14 MP: 1/1
    28 | D:1      | Reached skill level 2 in Axes
    84 | D:1      | Reached XP level 2. HP: 17/19 MP: 2/2
   248 | D:1      | Reached skill level 3 in Axes
   254 | D:1      | Reached XP level 3. HP: 23/23 MP: 3/3
   361 | D:1      | Found a faded altar of an unknown god.
   720 | D:2      | Reached XP level 4. HP: 23/28 MP: 4/4
   757 | D:2      | Reached skill level 4 in Axes
  1319 | D:3      | Found a white marble altar of Elyvilon.
  1319 | D:3      | Found an ancient bone altar of Kikubaaqudgha.
  1375 | D:3      | Reached XP level 5. HP: 32/32 MP: 5/5
  1389 | D:3      | Found an iron altar of Okawaru.
  1391 | D:3      | Found a basalt altar of Yredelemnul.
  1391 | D:3      | Found a broken altar of Ashenzari.
  1393 | D:3      | Found a snail-covered altar of Cheibriados.
  1393 | D:3      | Found a glowing golden altar of the Shining One.
  1393 | D:3      | Found a shimmering altar of Xom.
  1579 | D:3      | Reached skill level 5 in Axes
  1698 | D:3      | Reached XP level 6. HP: 32/37 MP: 6/6
  1725 | D:3      | Found an ornate altar of the Wu Jian Council.
  2702 | D:4      | Reached skill level 6 in Axes
  3055 | D:4      | Reached XP level 7. HP: 40/41 MP: 7/7
  3074 | D:4      | Reached skill level 7 in Axes
  3461 | D:5      | Entered Level 5 of the Dungeon
  3488 | D:5      | Noticed a wyvern
  3781 | D:5      | Noticed Eustachio
  3841 | D:5      | Killed Eustachio
  4063 | D:5      | Reached XP level 8. HP: 47/48 MP: 8/8
  4078 | D:5      | Found a shimmering blue altar of Sif Muna.
  4092 | D:5      | Found a snail-covered altar of Cheibriados.
  4092 | D:5      | Found a shadowy altar of Dithmenos.
  4105 | D:5      | Found a bloodstained altar of Trog.
  4109 | D:5      | Found a sacrificial altar of Ru.
  4223 | D:5      | Killed a wyvern
  4224 | D:5      | Reached skill level 8 in Axes
  4224 | D:5      | Reached skill level 1 in Dodging
  4796 | D:6      | Noticed Grinder
  4823 | D:6      | Killed Grinder
  5028 | D:6      | Reached skill level 9 in Axes
  5028 | D:6      | Reached XP level 9. HP: 52/52 MP: 9/9
  5079 | D:6      | Identified the +8 dagger of Midnight {drain, Dex+4}
  5412 | D:6      | Noticed Edmund
  5422 | D:6      | Killed Edmund
  5438 | D:6      | Found a stormy altar of Qazlal.
  5439 | D:6      | Noticed Sigmund
  5449 | D:6      | Killed Sigmund
  5450 | D:6      | Reached skill level 5 in Fighting
  5545 | D:6      | Found Jistrohygg's General Store.
  5547 | D:6      | Found Qaasmueq's Specific Store.
  5633 | D:6      | Found a runed translucent door.
  5634 | D:6      | Noticed Crazy Yiuf
  6181 | D:7      | Noticed Menkaure
  6192 | D:7      | Killed Menkaure
  6306 | D:7      | Found a staircase to the Ecumenical Temple.
  6315 | Temple   | Entered the Ecumenical Temple
  6355 | Temple   | Became a worshipper of Warmaster Okawaru
  6391 | D:7      | Reached skill level 5 in Armour
  6594 | D:7      | Reached skill level 10 in Axes
  6594 | D:7      | Reached skill level 1 in Invocations
  6597 | D:7      | Reached skill level 5 in Shields
  6816 | D:8      | Reached * piety under Okawaru
  6839 | D:8      | Noticed Psyche
  6866 | D:8      | Killed Psyche
  6901 | D:8      | Found a sand-covered staircase.
  6934 | Ossuary  | Entered an ossuary
  6946 | Ossuary  | Reached XP level 10. HP: 60/60 MP: 11/11
  7119 | Ossuary  | Reached ** piety under Okawaru
  7753 | D:8      | Noticed a centaur warrior
  7753 | D:8      | Noticed a centaur warrior
  7760 | D:8      | Noticed a centaur warrior
  7771 | D:8      | Killed a centaur warrior
  7771 | D:8      | Reached *** piety under Okawaru
  7772 | D:8      | Reached skill level 11 in Axes
  7778 | D:8      | Killed a centaur warrior
  7781 | D:8      | Killed a centaur warrior
  7816 | D:8      | Reached XP level 11. HP: 57/67 MP: 13/13
  7883 | D:8      | Identified the +5 falchion "Ecvugisch" {heavy, rN+ Str-5
                  | Dex+3}
  8038 | D:8      | Reached **** piety under Okawaru
  8207 | D:9      | Received a gift from Okawaru
  8351 | D:9      | Found a runed translucent gate.
  8353 | D:9      | Found a runed translucent gate.
  8354 | D:9      | Found a runed translucent gate.
  8357 | D:9      | Noticed greenbourne's ghost (novice HOFi)
  8359 | D:9      | Identified the +11 plate armour of Feasting {Rampage +Blink
                  | rF- Str+4}
  8417 | D:9      | Reached skill level 12 in Axes
  8421 | D:9      | Found a staircase to the Lair.
  8486 | D:9      | Noticed a necromancer
  8510 | D:9      | Killed a necromancer
  8652 | D:9      | Noticed Prince Ribbit
  8668 | D:9      | Killed Prince Ribbit
  9096 | D:9      | Found a blossoming altar of Fedhas.
  9117 | D:9      | Noticed an oklob plant
  9524 | D:9      | Killed greenbourne's ghost
  9654 | Lair:1   | Entered Level 1 of the Lair of Beasts
  9865 | Lair:1   | Reached ***** piety under Okawaru
 10002 | Lair:1   | Noticed a seven-headed hydra
 10014 | Lair:1   | Killed a seven-headed hydra
 10357 | Lair:1   | Reached skill level 5 in Invocations
 10412 | Lair:2   | Found a staircase to the Shoals.
 10424 | Lair:2   | Reached XP level 12. HP: 75/75 MP: 15/15
 10440 | Lair:2   | Identified the +1 pair of boots "Veplit" {rC- Dex+5}
                  | (Okawaru gifted it to you on level 2 of the Lair of Beasts)
 10440 | Lair:2   | Received a gift from Okawaru
 10493 | Lair:2   | Reached skill level 13 in Axes
 10652 | Lair:2   | Reached skill level 5 in Dodging
 10837 | Lair:2   | Found a staircase to the Snake Pit.
 10913 | Lair:2   | Noticed Harold
 10973 | Lair:2   | Killed Harold
 11055 | Lair:2   | Noticed Fannar
 11080 | Lair:2   | Killed Fannar
 11438 | Lair:3   | Identified the +3 war axe of Duiggoty {freeze, rElec rPois
                  | rC+ Int-5} (Okawaru gifted it to you on level 3 of the Lair
                  | of Beasts)
 11438 | Lair:3   | Received a gift from Okawaru
 11602 | Lair:3   | Found a white marble altar of Elyvilon.
 11841 | Lair:3   | Reached skill level 14 in Axes
 11841 | Lair:3   | Reached XP level 13. HP: 81/81 MP: 17/17
 12222 | Lair:4   | Noticed Josephine
 12269 | Lair:4   | Reached ****** piety under Okawaru
 12454 | Lair:4   | Received a gift from Okawaru
 12512 | Lair:4   | Reached skill level 10 in Fighting
 12536 | Lair:4   | Killed Josephine
 12722 | Lair:4   | Noticed Urug
 12750 | Lair:4   | Killed Urug
 12935 | Lair:4   | Noticed Kirke
 13118 | Arena    | Entered the Arena
 13144 | Arena    | Killed Kirke
 13598 | Lair:5   | Entered Level 5 of the Lair of Beasts
 13598 | Lair:5   | Found a staircase to the Slime Pits.
 13791 | Lair:5   | Received a gift from Okawaru
 13944 | Lair:5   | Identified a scroll of acquirement
 14096 | Lair:5   | Received a gift from Okawaru
 14097 | Lair:5   | Reached skill level 15 in Axes
 14205 | Lair:5   | Gained mutation: Your large and strong wings let you fly.
                  | [Gargoyle growth]
 14205 | Lair:5   | Reached XP level 14. HP: 88/88 MP: 19/19
 14484 | Lair:5   | Identified the +1 hat of Infinity {rElec Str+2} (Okawaru
                  | gifted it to you on level 5 of the Lair of Beasts)
 14484 | Lair:5   | Received a gift from Okawaru
 14740 | Lair:5   | Found a shimmering altar of Xom.
 15459 | Lair:5   | Received a gift from Okawaru
 15640 | Lair:5   | Found a corrupted altar of Lugonu.
 15640 | Lair:5   | Found a one-way gate to the infinite horrors of the Abyss.
 15862 | D:10     | Entered Level 10 of the Dungeon
 16111 | D:10     | Reached skill level 16 in Axes
 16178 | D:10     | Found a hazy altar of Hepliaklqana.
 16196 | D:10     | Noticed Grum
 16228 | D:10     | Killed Grum
 16588 | D:10     | Noticed Maggie
 16615 | D:10     | Killed Maggie
 16883 | D:11     | Identified the +10 short sword of Fixation {heavy, Int+3}
 16888 | D:11     | Noticed Maurice
 16917 | D:11     | Reached skill level 10 in Armour
 17283 | D:11     | Killed Maurice
 17516 | D:11     | Found a staircase to the Orcish Mines.
 17530 | D:11     | Noticed Gastronok
 17566 | D:11     | Killed Gastronok
 17574 | D:11     | Identified the +1 buckler of the Eight Boll Weevils
                  | {Rampage rN+++ Int+5 Dex-3}
 17779 | D:12     | Reached XP level 15. HP: 96/96 MP: 21/21
 17947 | D:12     | Noticed Rupert
 18048 | D:12     | You are sucked into a shaft and drop 3 floors!
 18048 | D:15     | Entered Level 15 of the Dungeon
 18182 | D:15     | Identified the +4 kite shield of Good Intentions {rElec rC+
                  | Int-3} (Okawaru gifted it to you on level 15 of the
                  | Dungeon)
 18182 | D:15     | Received a gift from Okawaru
 18519 | D:15     | Found a frozen archway.
 18534 | D:15     | Reached skill level 10 in Shields
 18549 | IceCv    | Entered an ice cave
 18879 | IceCv    | Gained mutation: Your spells are a little harder to cast,
                  | but a little more powerful. [a neqoxec]
 18881 | IceCv    | Gained mutation: You occasionally shout uncontrollably at
                  | your foes. [a neqoxec]
 19572 | IceCv    | Noticed an Ice Fiend
 19603 | IceCv    | Killed an Ice Fiend
 20106 | D:15     | Found a staircase to the Depths.
 20920 | D:13     | Found a runed translucent gate.
 20920 | D:13     | Found a runed translucent gate.
 20921 | D:13     | Found a runed translucent gate.
 20979 | D:13     | Noticed an acid blob
 20980 | D:13     | Noticed an acid blob
 20980 | D:13     | Noticed NoOffense's ghost (journeyman TrMo)
 20980 | D:13     | Noticed an azure jelly
 20981 | D:13     | Noticed an azure jelly
 20981 | D:13     | Noticed an acid blob
 20981 | D:13     | Noticed an azure jelly
 20981 | D:13     | Noticed an azure jelly
 20999 | D:13     | Found a viscous altar of Jiyva.
 21124 | D:12     | Received a gift from Okawaru
 21169 | D:12     | Killed Rupert
 21719 | Orc:1    | Entered Level 1 of the Orcish Mines
 21747 | Orc:1    | Noticed Snorg
 21779 | Orc:1    | Killed Snorg
 21797 | Orc:1    | Noticed Sonja
 21806 | Arena    | Entered the Arena
 21810 | Arena    | Killed Sonja
 21992 | Orc:1    | Found a bloodstained altar of Trog.
 22016 | Orc:1    | Found Gatz's Jewellery Shop.
 22321 | Orc:2    | Entered Level 2 of the Orcish Mines
 22756 | Orc:2    | Reached XP level 16. HP: 100/104 MP: 22/22
 23095 | Orc:2    | Found Qavoiskata's Weapon Shop.
 23095 | Orc:2    | Found Puung's Distillery.
 23232 | Orc:2    | Found a staircase to the Elven Halls.
 23336 | Orc:2    | Found Pivomp's Weapon Emporium.
 23336 | Orc:2    | Found Urienit's Armour Shop.
 23615 | Orc:2    | Found Pivomp's Weapon Emporium.
 23615 | Orc:2    | Found Urienit's Armour Shop.
 23650 | Orc:2    | Found Puung's Distillery.
 23650 | Orc:2    | Found Qavoiskata's Weapon Shop.
 24461 | D:13     | Found Bivez's General Store.
 24560 | D:13     | Identified the +9 sling of Keurigen {flame, rC+ Dex+4}
 24614 | D:13     | Received a gift from Okawaru
 24931 | D:14     | Noticed Azrael
 24945 | D:13     | Killed Azrael
 25398 | D:14     | Reached skill level 17 in Axes
 25564 | D:14     | Found a gate to the Vaults.
 25817 | D:14     | Found a hazy altar of Hepliaklqana.
 26313 | D:15     | Received a gift from Okawaru
 26846 | Snake:1  | Entered Level 1 of the Snake Pit
 27093 | Snake:1  | Reached skill level 10 in Invocations
 27157 | Snake:1  | Reached skill level 1 in Ranged Weapons
 27207 | Snake:1  | Identified the +0 pair of boots of Ziaj {rElec rN+ Regen+
                  | MP+9 Str+3} (Okawaru gifted it to you on level 1 of the
                  | Snake Pit)
 27207 | Snake:1  | Received a gift from Okawaru
 28039 | Snake:2  | Reached XP level 17. HP: 95/111 MP: 24/24
 28436 | Snake:2  | Found Wereat Nola's General Store.
 28436 | Snake:2  | Found Loogott's Distillery.
 28787 | Snake:3  | Noticed Nikola
 28813 | Snake:3  | Found a white marble altar of Elyvilon.
 28816 | Snake:3  | Noticed Saint Roka
 28884 | Snake:3  | Identified the +8 broad axe of Leud {venom, Fragile rC+
                  | rN+} (Okawaru gifted it to you on level 3 of the Snake Pit)
 28884 | Snake:3  | Received a gift from Okawaru
 28921 | Snake:3  | Identified the +2 pair of gloves of Autumn {Drain rPois
                  | Int+2}
 28943 | Snake:3  | Noticed Aizul
 28976 | Snake:3  | Noticed Jorgrun
 28984 | Arena    | Entered the Arena
 28989 | Arena    | Killed Saint Roka
 29080 | Snake:3  | Noticed Vashnia
 29111 | Snake:2  | Killed Aizul
 29211 | Arena    | Entered the Arena
 29213 | Arena    | Killed Nikola
 29248 | Snake:3  | Killed Jorgrun
 29250 | Snake:3  | Found a transporter.
 29276 | Snake:3  | Found a transporter.
 29354 | Snake:3  | Killed Vashnia
 29355 | Snake:3  | Reached skill level 15 in Fighting
 29458 | Snake:3  | Found a transporter.
 29478 | Snake:3  | Found a transporter.
 29530 | Snake:3  | Found a transporter.
 29536 | Snake:3  | Found a transporter.
 30006 | Snake:4  | Entered Level 4 of the Snake Pit
 30048 | Snake:4  | Noticed Mara
 30214 | Snake:4  | Identified the +0 scale mail of Parts Unknown {Contam rElec
                  | Str+2 Dex+5} (Okawaru gifted it to you on level 4 of the
                  | Snake Pit)
 30214 | Snake:4  | Received a gift from Okawaru
 30523 | Snake:4  | Reached skill level 15 in Shields
 30609 | Snake:4  | Identified Roxanne's Verses on the Plateau
 30609 | Snake:4  | Noticed Roxanne
 30687 | Snake:4  | Found Guboduot's Book Emporium.
 30844 | Snake:4  | Noticed Banquo's illusion
 30855 | Snake:4  | Killed Mara
 30856 | Snake:4  | Reached XP level 18. HP: 119/119 MP: 25/25
 31234 | Snake:4  | Noticed a quicksilver dragon
 31235 | Snake:4  | Noticed a quicksilver dragon
 31259 | Snake:4  | Killed a quicksilver dragon
 31259 | Snake:4  | Killed a quicksilver dragon
 31345 | Snake:4  | Got a serpentine rune of Zot
 31753 | Elf:1    | Entered Level 1 of the Elven Halls
 31799 | Elf:1    | Received a gift from Okawaru
 31870 | Elf:1    | Found Boklucwo's Assorted Antiques.
 31874 | Elf:1    | Found Keit Omu's Jewellery Shoppe.
 31875 | Elf:1    | Found Bovocvad's General Store.
 32050 | Elf:1    | Reached skill level 18 in Axes
 32121 | Elf:1    | Reached skill level 5 in Ranged Weapons
 32174 | Elf:1    | Paralysed by an air elemental for 1 turns
 32181 | Elf:1    | Paralysed by an air elemental for 1 turns
 32184 | Elf:1    | Identified the +5 hand axe of Dissolution {drain, MP+9}
                  | (Okawaru gifted it to you on level 1 of the Elven Halls)
 32184 | Elf:1    | Received a gift from Okawaru
 32846 | Elf:1    | Killed from afar by a deep elf annihilator

Illustrated notes

Levels and vault maps discovered:
D:1:      lightli_molten_gateway, layout_rooms, chequers_ecumenical_altar_twisty
D:2:      layout_rooms
D:3:      layout_loops_corners, doesnt_xom_only_xom,
          chequers_temple_overflow_statue_of_worship,
          pdpol_wu_jian_five_deadly_venoms
D:4:      layout_basic
D:5:      layout_basic, minmay_overflow_temple_star_hex, serial_aquarium,
          aquarium_bridge_square [aquarium_subvault_bridge,
          aquarium_subvault_bridge, aquarium_subvault_wall,
          aquarium_subvault_balcony], aquarium_window_2, aquarium_window_1,
          aquarium_window_fake, aquarium_window_2, aquarium_view_2d,
          aquarium_view_2a, aquarium_balcony_1b, aquarium_pool_2, uniq_eustachio
D:6:      wad_woods_tower, layout_loops_ring, kennysheep_little_box,
          nicolae_specific_store, minmay_misc_feat_x,
          ebering_dispersal_statue_hall, uniq_sigmund, uniq_edmund,
          uniq_grinder, uniq_crazy_yiuf_cottage
D:7:      layout_cave_pools, minmay_temple_entry_overgrown,
          nicolae_water_bricks, uniq_menkaure
D:8:      layout_cave_pools, gup_ossuary_entry_pyramid, minmay_radiant,
          uniq_psyche
D:9:      layout_basic, tgw_fedhas, david_lair_generic,
          biasface_ghost_orc_armoury, chequers_jeans, eino_house_with_fridge,
          uniq_prince_ribbit1
D:10:     layout_loops_ring, mainiacjoe_overflow_boulevard, lightli_minifort,
          uniq_grum, uniq_maggie
D:11:     layout_roguey [special_room_bee], orc_0_dummy, uniq_maurice,
          uniq_gastronok
D:12:     layout_cave_pools, hangedman_abyss_or_decor_clamps, uniq_rupert
D:13:     layout_irregular_city, gammafunk_ghost_ooze, serial_shops,
          nicolae_lakefront_shop
D:14:     layout_long_grid, skrybe_vaults_entry_preservation, serial_bayou,
          serial_bayou_pond_d, serial_bayou_shore_b, serial_bayou_pond_c,
          serial_bayou_shore_a, serial_bayou_pond_b, serial_bayou_lagoon_a,
          nicolae_hepliaklqana_monster_ancestors, uniq_azrael
D:15:     gammafunk_depths_entry_grave, layout_basic,
          portal_ice_cave_entry_ice_statue_one, roderic_serpentine_path
Temple:   nicolae_temple_ecumenical_triangle
Lair:1:   layout_long_grid
Lair:2:   layout_misc_corridors, shoals_dummy_entry, grunt_forest_stairs_basic,
          uniq_harold, uniq_fannar
Lair:3:   layout_chaotic_city, basic_altar, kennysheep_abandoned_house
Lair:4:   layout_cave_shapes, cheibrodos_lair_reptile_den,
          infiniplex_staircase_pool, serial_bayou_shore_b, grunt_megastairs_1,
          uniq_urug, uniq_kirke, uniq_josephine
Lair:5:   hellmonk_lair_end_abyssal_woods, layout_regular_city, slime_entry_1,
          basic_altar, grunt_megastairs_4
Snake:1:  layout_misc_corridors, nicolae_triple_integral
Snake:2:  layout_cave_town, minmay_shoptagon
Snake:3:  layout_onion, basic_altar, serial_nicolae_subway,
          nicolae_sub_station_stone, nicolae_sub_station_metal,
          nicolae_sub_station_crystal, uniq_vashnia, uniq_saint_roka,
          uniq_jorgrun, uniq_aizul, uniq_nikola
Snake:4:  hellmonk_snake_rune_quicksilver_temple, layout_onion_interference,
          serial_shops, shop, grunt_megastairs_5, uniq_mara, uniq_roxanne
Orc:1:    layout_caves, basic_altar, serial_shops, shop,
          statue_in_the_mist_lemuel, uniq_snorg, uniq_sonja
Orc:2:    st_orc_town, layout_caves, mines1_david
Elf:1:    nicolae_elf_arrival_no_cutting_in_line, layout_geoelf_grid,
          special_room [special_room_mythical_zoo], minmay_elf_sorcery,
          dreamdust_mushroom_princess, minmay_shop_star

Skill      XL: |  1  2  3  4  5  6  7  8  9 10 11 12 13 14 15 16 17 18 |
---------------+-------------------------------------------------------+-----
Axes           | 2 3 4 5 6 7 9 10 11 12 14 15 16 17 18 | 18.0
Dodging        | 1 2 3 4 5 6 7 8 9 |  9.1
Fighting       | 4 6 7 8 9 10 12 13 14 15 16 | 16.0
Armour         | 4 5 6 7 8 9 10 11 12 13 | 13.0
Shields        | 4 5 6 7 8 9 11 13 15 16 | 16.5
Invocations    | 1 3 5 6 7 8 9 10 | 10.0
Ranged Weapons | 1 4 5 |  5.0

Action                     |  1- 3 |  4- 6 |  7- 9 | 10-12 | 13-15 | 16-18 || total
---------------------------+-------+-------+-------+-------+-------+-------++-------
  Melee: War axe           |   111 |   225 |   350 |   869 |  1928 |  2051 ||  5534
         Unarmed           |       |       |     2 |       |    13 |       ||    15
         Flail             |       |       |       |    10 |    81 |       ||    91
         Broad axe         |       |       |       |       |    54 |     5 ||    59
         Morningstar       |       |       |       |       |     7 |       ||     7
         Eveningstar       |       |       |       |       |       |    16 ||    16
 Invoke: Heroism           |       |       |       |     8 |    17 |    11 ||    36
         Finesse           |       |       |       |     1 |     6 |     5 ||    12
         Duel              |       |       |       |       |     2 |     2 ||     4
    Use: Scroll            |       |     1 |    16 |     4 |     6 |     6 ||    33
         Potion            |       |       |       |       |     2 |     2 ||     4
   Stab: Distracted        |       |       |       |       |       |     1 ||     1
 Armour: Scale mail        |    55 |    83 |    27 |       |       |       ||   165
         Skin              |       |     2 |     1 |       |       |       ||     3
         Ring mail         |       |       |   121 |   105 |       |       ||   226
         Plate armour      |       |       |       |   201 |    48 |   900 ||  1149
         Chain mail        |       |       |       |   134 |   810 |       ||   944
  Dodge: Dodged            |    58 |   161 |   231 |   563 |  1119 |   726 ||  2858
  Block: Buckler           |    27 |    56 |    82 |   202 |   363 |       ||   730
         Kite shield       |       |       |       |       |   455 |   132 ||   587
         Tower shield      |       |       |       |       |       |  2030 ||  2030

Table legend: (Time is in decaauts)
 A = Elapsed time spent in this place.
 B = Non-inter-level travel time spent in this place.
 C = Inter-level travel time spent in this place.
 D = Time resting spent in this place.
 E = Time spent auto-exploring this place.
 F = Levels seen in this place.
 G = Mean time per level.
                   A        B        C        D        E       F      G
               +--------+--------+--------+--------+--------+-----+--------+
         Total |  32165 |  28716 |   3449 |   2912 |  13951 |  34 |  946.0 |
       Dungeon |  16478 |  14503 |   1975 |   1324 |   8080 |  15 | 1098.5 |
        Temple |    121 |    118 |      3 |     65 |     33 |   1 |  121.0 |
          Lair |   6102 |   5277 |    825 |    532 |   2393 |   5 | 1220.4 |
     Snake Pit |   4406 |   3910 |    496 |    145 |   1679 |   4 | 1101.5 |
  Orcish Mines |   2218 |   2070 |    148 |     22 |   1176 |   2 | 1109.0 |
   Elven Halls |   1036 |   1036 |      0 |      0 |    462 |   1 | 1036.0 |
       Ossuary |    525 |    525 |      0 |     85 |     93 |   1 |  525.0 |
      Ice Cave |   1173 |   1173 |      0 |    712 |     34 |   1 | 1173.0 |
         Arena |    101 |    101 |      0 |     26 |      0 |   4 |   25.2 |
               +--------+--------+--------+--------+--------+-----+--------+

Top non-repeatable levels by time:
  Lair:5: 1841 daAuts
    D:15: 1789 daAuts
     D:9: 1703 daAuts
   Orc:2: 1573 daAuts
 Snake:4: 1361 daAuts
     D:5: 1282 daAuts
    D:11: 1253 daAuts
     D:6: 1233 daAuts
     D:3: 1219 daAuts
    D:13: 1195 daAuts
   IceCv: 1173 daAuts
     D:4: 1141 daAuts
    D:14: 1141 daAuts
 Snake:2: 1140 daAuts
  Lair:1: 1127 daAuts
